 Dungeon Crawl Stone Soup version 0.10.4 character file.

332 ErikD the Chopper (level 5, -11/47 HPs)
             Began as a Minotaur Berserker on Jan 16, 2017.
             Was a Believer of Trog.
             Killed by divine providence
             ... invoked by an orc priest
              (13 damage)
             ... on Level 3 of the Dungeon.
             The game lasted 00:06:57 (2746 turns).

ErikD the Chopper (Minotaur Berserker)              Turns: 2746, Time: 00:06:57

HP -11/47        AC  3     Str 21      XL: 5   Next: 26%
MP   1/1         EV 13     Int  4      God: Trog [**....]
Gold 176         SH  0     Dex 11      Spells:  0 memorised,  4 levels left

Res.Fire  : . . .   See Invis. : .   x - +4 quarterstaff (chaos)
Res.Cold  : . . .   Warding    : . . b - +0 animal skin
Life Prot.: . . .   Conserve   : .   (no shield)
Res.Acid. : . . .   Res.Corr.  : .   (helmet restricted)
Res.Poison: .       Clarity    : .   (no cloak)
Res.Elec. : .       Spirit.Shd : .   p - +0 pair of gauntlets
Sust.Abil.: . .     Stasis     : .   (no boots)
Res.Mut.  : .       Ctrl.Telep.: .   (no amulet)
Res.Rott. : .       Levitation : .   (no ring)
Saprovore : . . .   Ctrl.Flight: .   (no ring)

@: slightly resistant to hostile enchantments, unstealthy
A: retaliatory headbutt, horns 2
a: Burn Spellbooks, Berserk, Trog's Hand, Renounce Religion


You were on level 3 of the Dungeon.
You worshipped Trog.
Trog was most pleased with you.
You were not hungry.

You visited 1 branch of the dungeon, and saw 3 of its levels.

You collected 156 gold pieces.

Inventory:

Hand weapons
 a - a +0,+0 hand axe {=f}
 s - a +2,+2 short sword of venom
 x - a +4,+4 quarterstaff of chaos (weapon)
Missiles
 g - a -5 throwing net (quivered)
 r - 8 curare-tipped +0 needles
Armour
 b - a +0 animal skin (worn)
 p - a +0 pair of gauntlets (worn)
 y - a +0 cloak
Magical devices
 k - a wand of fireball (8) {unknown}
 w - a wand of frost (0)
Comestibles
 c - a bread ration
 f - 2 meat rations
 A - a rotting chunk of hobgoblin flesh
 D - a chunk of adder flesh
Scrolls
 e - a scroll of curse armour {unknown}
 h - a scroll of fear {unknown}
 i - 2 scrolls of teleportation {unknown}
 j - 4 scrolls of identify {unknown}
 l - a scroll of enchant armour {unknown}
 t - a scroll of random uselessness {unknown}
 B - a scroll of blinking {unknown}
 C - a scroll of magic mapping {unknown}
Potions
 d - a potion of confusion
 m - a potion of might {unknown}
 n - a potion of agility {unknown}
 o - a potion of restore abilities {unknown}
 q - a potion of slowing {unknown}
 u - a potion of blood {unknown}
 v - a potion of curing
 z - a potion of heal wounds {unknown}


   Skills:
 + Level 5.2 Fighting
 + Level 5.6 Axes
 + Level 2.4 Armour
 + Level 3.8 Dodging
 + Level 0.5 Stealth
 + Level 0.6 Traps & Doors


You had 4 spell levels left.
You didn't know any spells.

Dungeon Overview and Level Annotations

Branches:
Dungeon (3/27)

Altars:
Yredelemnul


Innate Abilities, Weirdness & Mutations

You reflexively headbutt those who attack you in melee.
You have a pair of horns on your head.


Message History

The orc priest invokes the aid of Beogh against you.
Something smites you!
* * * LOW HITPOINT WARNING * * *
The orc barely misses you. You furiously retaliate!
You headbutt the orc.
The orc priest becomes somewhat translucent.
You hit the orc priest.
The orc priest is poisoned.
The orc priest is moderately wounded.
You thump the orc!
You kill the orc!
Trog accepts your kill.
The orc priest's eyes start to glow.
You barely miss the orc.
The orc priest utters an invocation to Beogh.
You feel troubled. The orc misses you.
You sock the orc!
You kill the orc!
Trog accepts your kill.
The orc priest invokes the aid of Beogh against you.
Something smites you!
You die...

........ ##.## #......#
........## ##...# #......#
.........# #....# #......#
......... ##..## #......#
.........# ##....##########
#........# #...............
............## #.....##......#.
.....#.(.......####....##.######.
.............ooo@.'....##.# #.
.....#...#.#...##.#....##.# #.
.....#...#.#...##.#....##.######.
.........#.#...........<.....^.'.
.....#...#.#.#.##.#.....!.######.
.#...#.........##.#####...# ####
................#.........# #.#
###.###+####.##########..## #.#
..#.##.......# #..# #.#


You could see 2 orc priests and an orc.

Vanquished Creatures
  An orc priest (D:3)
  Crazy Yiuf (D:3)
  4 adders
  A worm (D:3)
  2 giant geckos
  An ooze (D:3)
  5 orcs (D:3)
  3 giant cockroaches
  5 goblins
  6 hobgoblins
  2 kobolds
  10 bats
  3 giant newts
  3 rats
47 creatures vanquished.

Notes
Turn   | Place    | Note
--------------------------------------------------------------
     0 | D:1      | ErikD, the Minotaur Berserker, began the quest for the Orb.
     0 | D:1      | Reached XP level 1. HP: 19/19 MP: 0/0
   300 | D:1      | Reached skill level 4 in Fighting
   300 | D:1      | Reached XP level 2. HP: 8/27 MP: 0/0
   842 | D:2      | Reached XP level 3. HP: 30/33 MP: 1/1
   978 | D:2      | Found a basalt altar of Yredelemnul.
  1139 | D:2      | Acquired Trog's second power
  1438 | D:3      | Reached skill level 5 in Axes
  1490 | D:3      | HP: 1/33 [orc priest/orcish dagger (6)]
  1491 | D:3      | Reached skill level 5 in Fighting
  1491 | D:3      | Reached XP level 4. HP: 1/40 MP: 1/1
  1932 | D:3      | Noticed Crazy Yiuf
  1939 | D:3      | Killed Crazy Yiuf
  1939 | D:3      | Reached XP level 5. HP: 37/47 MP: 1/1
  2738 | D:3      | HP: 1/47 [orc priest/divine providence (8)]
  2746 | D:3      | Killed from afar by an orc priest
